 Dungeon Crawl Stone Soup version 0.19.1-1-g22dce08 (webtiles) character file.

219 esteth the Skirmisher (level 5, -1/48 HPs)
             Began as a Draconian Monk on Jan 2, 2017.
             Succumbed to a scorpion's poison
             ... on level 4 of the Dungeon.
             The game lasted 00:04:45 (1972 turns).

esteth the Skirmisher (Draconian Monk)              Turns: 1972, Time: 00:04:46

Health: -1/48      AC:  5    Str: 13    XL:     5   Next: 64%
Magic:  5/5        EV: 18    Int: 11    God:
Gold:   118        SH:  0    Dex: 19    Spells: 0 memorised, 4 levels left

rFire  + . .     SeeInvis .       - Unarmed
rCold  . . .     Gourm    .     (armour unavailable)
rNeg   . . .     Faith    .     (no shield)
rPois  .         Spirit   .     (helmet restricted)
rElec  .         Reflect  .     (no cloak)
rCorr  +         Harm     .     (no gloves)
MR     .....                    (no boots)
Stlth  +++.......               (no amulet)
                                h - ring of resist corrosion
                                e - ring of protection from fire

@: agile, lethally poisoned (-1 -> -24)
A: unfitting armour, cold-blooded, AC +5
a: no special abilities


You were on level 4 of the Dungeon.
You were not hungry.

You visited 1 branch of the dungeon, and saw 4 of its levels.

You collected 118 gold pieces.

Inventory:

Jewellery
 e - a ring of protection from fire (left hand)
 h - a ring of resist corrosion (right hand)
Scrolls
 c - 2 scrolls of remove curse {unknown}
 d - a scroll of amnesia {unknown}
 g - 2 scrolls of identify {unknown}
 i - a scroll of random uselessness {unknown}
 k - a scroll of fear {unknown}
 l - 2 scrolls of noise {unknown}
Comestibles
 a - 2 bread rations
 f - a meat ration
 m - 4 chunks of flesh


   Skills:
 + Level 5.5 Fighting
 - Level 2.6 Dodging
 - Level 1.7 Stealth
 + Level 5.0 Unarmed Combat


You had 4 spell levels left.
You didn't know any spells.

Dungeon Overview and Level Annotations

Branches:
Dungeon (4/15)
 Temple: D:4-7

Altars:
The Shining One

Annotations:
D:3 Paps's ghost, amateur GrFi


Innate Abilities, Weirdness & Mutations

Your plain brown scales are hard. (AC +5)
You cannot fit into any form of body armour.
You are cold-blooded and may be slowed by cold attacks.


Message History

You hit the scorpion but do no damage.
The scorpion is almost dead.
* * * LOW HITPOINT WARNING * * *
You feel sick. The scorpion misses you.
You hit the scorpion. Your punch misses the scorpion.
The scorpion is almost dead.
* * * LOW HITPOINT WARNING * * *
You feel sick. The scorpion stings you.
* * * LOW HITPOINT WARNING * * *
You are more poisoned.
The scorpion poisons you!
You closely miss the scorpion.
The scorpion is almost dead.
* * * LOW HITPOINT WARNING * * *
You feel sick. The scorpion barely misses you.
You hit the scorpion.
You kill the scorpion!
Your Unarmed Combat skill increases to level 5!
Your surroundings suddenly seem different.
You die...

#...........#
#...........##
#<...........#
##...........##
#............#
#............#
#............#
#............##
##........@...#
............#
..........a#
............#
####........#
#..####### #..
...


You could see a worker ant (sleeping).

Vanquished Creatures
  A scorpion (D:4)
  An orc wizard (D:3)
  A centaur skeleton (D:4)
  A worker ant (D:3)
  3 gnolls (D:2)
  2 adders (D:2)
  A worm (D:2)
  A leopard gecko (D:1)
  An orc (D:3)
  6 giant cockroaches
  3 goblins
  2 hobgoblins (D:1)
  5 kobolds
  A quokka (D:4)
  6 bats
  6 frilled lizards
  3 rats
44 creatures vanquished.

Notes
Turn   | Place    | Note
-------+----------+-------------------------------------------
     0 | D:1      | esteth the Draconian Monk began the quest for the Orb.
     0 | D:1      | Reached XP level 1. HP: 19/19 MP: 1/1
   171 | D:1      | Reached XP level 2. HP: 26/26 MP: 2/2
   702 | D:2      | Reached XP level 3. HP: 33/33 MP: 3/3
  1088 | D:2      | Reached XP level 4. HP: 23/41 MP: 4/4
  1265 | D:2      | Found a glowing golden altar of the Shining One.
  1876 | D:3      | Reached skill level 5 in Fighting
  1876 | D:3      | Reached XP level 5. HP: 45/48 MP: 5/5
  1892 | D:3      | Noticed Paps's ghost (amateur GrFi)
  1971 | D:4      | HP: 1/48 [poisoned by a scorpion]
  1972 | D:4      | Reached skill level 5 in Unarmed Combat
  1972 | D:4      | Succumbed to a scorpion's poison

Skill      XL: |  1  2  3  4  5 |
---------------+----------------+-----
Fighting       | 4 5 |  5.5
Unarmed Combat | 4 5 |  5.0
Dodging        | |  2.6
Stealth        | |  1.7

Action                   |  1- 3 |  4- 6 || total
-------------------------+-------+-------++-------
Melee: Unarmed           |    95 |    80 ||   175
       Tailslap          |    15 |    10 ||    25
       Punch             |       |     1 ||     1
  Use: Scroll            |       |     1 ||     1
       Potion            |       |     1 ||     1
 Stab: Sleeping          |     1 |     1 ||     2
  Eat: Chunk             |       |     3 ||     3
Armor: Skin              |    30 |    16 ||    46
Dodge: Dodged            |    66 |    51 ||   117
